 Dungeon Crawl Stone Soup version 0.27.0-1-g7a08968 (webtiles) character file.

Game seed: 17044691056000261413

21 GodsMustBeCrazy the Skirmisher (level 2, -3/20 HPs)
             Began as a Gargoyle Fighter on Aug 7, 2021.
             Slain by Sigmund (10 damage)
             ... on level 2 of the Dungeon.
             The game lasted 00:02:29 (1117 turns).

GodsMustBeCrazy the Skirmisher (Gargoyle Fighter)   Turns: 1117, Time: 00:02:30

Health: -3/20      AC: 10    Str: 19    XL:     2   Next: 83%
Magic:  2/2        EV: 11    Int:  8    God:
Gold:   45         SH:  0    Dex:  9    Spells: 1/1 levels left

rFire    . . .     SeeInvis .   a - +0 war axe
rCold    . . .     Faith    .   c - +0 kite shield
rNeg     + . .     Spirit   .   b - +0 scale mail
rPois    ∞         Reflect  .   (no helmet)
rElec    +         Harm     .   (no cloak)
rCorr    .         Rampage  .   (no gloves)
Will     .....                  j - +0 pair of boots
Stlth    ..........             (no amulet)
HPRegen  0.06/turn              l - +4 ring of evasion
MPRegen  0.08/turn              o - ring of flight

@: confused, flying
A: sickness immunity, AC +2, negative energy resistance 1, electricity
resistance, torment resistance 1, petrification resistance
a: no special abilities


You were on level 2 of the Dungeon.
You visited 1 branch of the dungeon, and saw 2 of its levels.

You collected 45 gold pieces.

Inventory:

Hand Weapons
 a - a +0 war axe (weapon)
Missiles
 h - 87 stones (quivered)
 i - 2 boomerangs of dispersal
Armour
 b - a +0 scale mail (worn)
 c - a +0 kite shield (worn)
 j - a +0 pair of boots (worn)
 m - a +0 tower shield
Jewellery
 l - a +4 ring of evasion (left hand)
 o - a ring of flight (right hand)
Scrolls
 e - 2 scrolls of identify {unknown}
 p - a scroll of teleportation {unknown}
Potions
 d - 3 potions of might
 f - 2 potions of heal wounds {unknown}
 g - a potion of ambrosia {unknown}
 k - a potion of degeneration {unknown}
 n - a potion of curing {unknown}


   Skills:
 + Level 4.4 Fighting
 - Level 1.7 Axes
 - Level 3.2 Armour
 - Level 3.2 Shields


You had one spell level left.
You didn't know any spells.
Your spell library was empty.

Dungeon Overview and Level Annotations

Branches:
Dungeon (2/15)

Altars:

Annotations:
D:2 Sigmund


Innate Abilities, Weirdness & Mutations

You are immune to sickness and miasma.
Your stone body is resilient. (AC +2)
You are immune to poison.
You resist negative energy. (rN+)
You are resistant to electric shocks. (rElec)
You are resistant to unholy torment.
You are immune to petrification.


Message History

Throw: 92 stones
Press: ? - help, Q - select action, (/) - cycle Shift-Dir - straight line, f/p - Sigmund
Aim: Sigmund, wielding a +0 scythe and wearing a +0 robe (52% to hit)
You throw a stone.
The stone hits Sigmund but does no damage.
Throw: 91 stones
Press: ? - help, Q - select action, (/) - cycle Shift-Dir - straight line, f/p - Sigmund
Aim: Sigmund, wielding a +0 scythe and wearing a +0 robe (52% to hit)
You throw a stone.
The stone hits Sigmund but does no damage.
Throw: 90 stones
Press: ? - help, Q - select action, (/) - cycle Shift-Dir - straight line, f/p - Sigmund
Aim: Sigmund, wielding a +0 scythe and wearing a +0 robe (52% to hit)
You throw a stone.
The stone hits Sigmund but does no damage.
Sigmund hits you but does no damage. You block Sigmund's attack.
Throw: 89 stones
Press: ? - help, Q - select action, (/) - cycle Shift-Dir - straight line, f/p - Sigmund
Aim: Sigmund, wielding a +0 scythe and wearing a +0 robe (52% to hit)
You throw a stone. The stone hits Sigmund.
Sigmund is lightly wounded.
You block Sigmund's attack.
Throw: 88 stones
Press: ? - help, Q - select action, (/) - cycle Shift-Dir - straight line, f/p - Sigmund
Aim: Sigmund, wielding a +0 scythe and wearing a +0 robe (lightly wounded, 52% to hit)
You throw a stone. The stone closely misses Sigmund.
Sigmund gestures wildly while chanting.
Sigmund flickers and vanishes!
Deactivating autopickup; reactivate with Ctrl-A.
You hear some strange, mumbled words.
You are confused.
You miss something.
You hear some strange, mumbled words.
You are more confused.
Something hits you but does no damage.
You closely miss something. Something hits you. x2
You completely miss something. Something hits you.
You miss something. Something completely misses you. Something hits you!
Ouch! That really hurt!
You die...

#.# #.##...........#
#.# #.##...........#
#.###.##...........#
#......#...........#
#####..............#
#...........)..#
##...#<..########
#....#.###
#.@.......
#.{.......
..((.......
#.(.######### #(..
#(.. #... #...


There were no monsters in sight!

Vanquished Creatures
  2 dart slugs (D:1)
  A bat (D:1)
  3 endoplasms
  A frilled lizard (D:1)
  3 goblins (D:1)
  4 kobolds
  4 rats
18 creatures vanquished.

Notes
Turn   | Place    | Note
-------+----------+-------------------------------------------
     0 | D:1      | GodsMustBeCrazy the Gargoyle Fighter began the quest for
                  | the Orb.
     0 | D:1      | Reached XP level 1. HP: 14/14 MP: 1/1
   338 | D:1      | Reached XP level 2. HP: 19/20 MP: 2/2
   470 | D:1      | Reached skill level 4 in Fighting
  1105 | D:2      | Noticed Sigmund
  1117 | D:2      | Slain by Sigmund

Illustrated notes

Levels and vault maps discovered:
D:1:      eino_arrival_cavern_d, layout_loops_ring, chequers_jeans, minivault_5
D:2:      layout_basic, wander_ebering_terrifying_dragon_lair, uniq_sigmund,
          uniq_terence

Skill      XL: |  1  2 |
---------------+-------+-----
Fighting       | 4 |  4.4
Axes           | |  1.7
Armour         | |  3.2
Shields        | |  3.2

Action                   || total
-------------------------++-------
Melee: War axe           ||    41
Throw: Stone             ||     7
Armor: Scale mail        ||    14
Dodge: Dodged            ||    14
Block: Kite shield       ||    11
